 Dungeon Crawl Stone Soup version 0.26.1-11-gd32895ea62 (webtiles) character file.

Game seed: 15855702897938335285

24 sankara the Insei (level 3, 0/28 HPs)
             Began as a Gnoll Transmuter on July 11, 2021.
             Slain by an orc
             ... wielding a +0 hand axe
              (8 damage)
             ... on level 2 of the Dungeon.
             The game lasted 00:01:43 (1013 turns).

sankara the Insei (Gnoll Transmuter)                Turns: 1013, Time: 00:01:43

Health: 0/28       AC:  2    Str: 13    XL:     3   Next: 2%
Magic:  7/9        EV: 14    Int: 15    God:
Gold:   124        SH:  0    Dex: 15    Spells: 8/11 levels left

rFire    . . .     SeeInvis .     - Unarmed
rCold    . . .     Faith    .   (no shield)
rNeg     . . .     Spirit   .   a - +0 robe
rPois    .         Reflect  .   (no helmet)
rElec    .         Harm     .   (no cloak)
rCorr    .         Rampage  .   (no gloves)
Will     .....                  (no boots)
Stlth    ++........             (no amulet)
HPRegen  0.09/turn              (no ring)
MPRegen  0.11/turn              (no ring)

@: wereblooded
A: distributed training, fangs 1, strong nose
a: no special abilities


You were on level 2 of the Dungeon.
You visited 1 branch of the dungeon, and saw 2 of its levels.

You collected 124 gold pieces.

Inventory:

Missiles
 d - 20 stones
 g - 4 curare-tipped darts
 j - 37 arrows
Armour
 a - a +0 robe (worn)
Jewellery
 f - an uncursed ring of see invisible {unknown}
Scrolls
 b - a scroll of remove curse {unknown}
 e - 2 scrolls of identify {unknown}
 k - a scroll of enchant armour {unknown}
Potions
 c - a potion of resistance {unknown}
 h - a potion of mutation {unknown}
 i - a potion of haste {unknown}
 l - a potion of magic {unknown}
 m - a potion of attraction {unknown}


   Skills:
 + Level 2.5 Fighting
 + Level 0.5 Short Blades
 + Level 0.5 Long Blades
 + Level 0.5 Axes
 + Level 0.5 Maces & Flails
 + Level 0.5 Polearms
 + Level 0.5 Staves
 + Level 0.5 Slings
 + Level 0.5 Bows
 + Level 0.5 Crossbows
 + Level 0.5 Throwing
 + Level 0.5 Armour
 + Level 4.5 Dodging
 + Level 0.5 Stealth
 + Level 0.5 Shields
 + Level 6.5 Unarmed Combat
 + Level 4.9 Spellcasting
 + Level 0.4 Conjurations
 + Level 0.4 Hexes
 + Level 0.4 Summonings
 + Level 0.4 Necromancy
 + Level 0.4 Translocations
 + Level 3.7 Transmutations
 + Level 0.4 Fire Magic
 + Level 0.4 Ice Magic
 + Level 0.4 Air Magic
 + Level 0.4 Earth Magic
 + Level 0.4 Poison Magic
 + Level 0.7 Invocations
 + Level 0.5 Evocations


You had 8 spell levels left.
You knew the following spells:

 Your Spells              Type           Power        Failure   Level
a - Beastly Appendage     Tmut           28%          3%          1
b - Wereblood             Tmut           14%          5%          2

Your spell library contained the following spells:

 Spells                   Type           Power        Failure   Level
 Spider Form              Tmut/Pois      4%           22%         3
 Ice Form                 Ice/Tmut       9%           56%         4
 Blade Hands              Tmut           7%           69%         5


Dungeon Overview and Level Annotations

Branches:
Dungeon (2/15)

Altars:


Innate Abilities, Weirdness & Mutations

Your experience applies equally to all skills.
You have very sharp teeth.
Your uncanny sense of smell can sniff out nearby items.


Message History

Your experience leads to an increase in your attributes!
Increase (S)trength, (I)ntelligence, or (D)exterity?
You feel stronger.
Casting: Beastly Appendage (safe; 3% risk of failure)
Confirm with . or Enter, or press ? or * to list all spells.
Your blood is infused with primal strength.
A giant cockroach comes into view.
The orc throws a boomerang.
The boomerang hits you.
The weapon returns to the orc!
The orc hits you with a +0 hand axe.
Unknown command.
You are too injured to fight recklessly!
You are too injured to fight recklessly!
Unknown command.
You hit the orc but do no damage.
The orc throws a boomerang.
The boomerang closely misses you. The orc hits you with a +0 hand axe.
* * * LOW HITPOINT WARNING * * *
You barely miss the orc.
The orc throws a boomerang.
The boomerang closely misses you.
The weapon returns to the orc!
The orc hits you with a +0 hand axe!
You die...

###..<....# ..... ..#
#.#####.#####.######
#.......).....##...###
#..###.######.........
##.## ## #.##......
#.###..# #.###...#.
#.#).o# #.# #..##.
##@# #.# #.....
#.#og....#.# ##.##. ##
88g.#.#.# #+##.
.B......# #. .###..#..
.. #. .# .. # # ...
... ....


You could see 2 orcs, a giant cockroach, a hobgoblin and a goblin.

Vanquished Creatures
  A dart slug (D:1)
  2 leopard geckos (D:1)
  An orc (D:2)
  3 bats
  2 goblins (D:1)
  3 hobgoblins
  2 kobolds
  A frilled lizard (D:1)
  3 rats
18 creatures vanquished.

Notes
Turn   | Place    | Note
-------+----------+-------------------------------------------
     0 | D:1      | sankara the Gnoll Transmuter began the quest for the Orb.
     0 | D:1      | Reached XP level 1. HP: 17/17 MP: 6/6
   201 | D:1      | Reached XP level 2. HP: 21/23 MP: 7/7
   616 | D:1      | Learned a level 2 spell: Wereblood
  1011 | D:2      | Reached XP level 3. HP: 21/28 MP: 9/9
  1013 | D:2      | Slain by an orc

Illustrated notes

Levels and vault maps discovered:
D:1:      dpeg_arrival_chambers_temple_mockup, layout_basic, nrook_mini_vaults
D:2:      layout_loops_corners, kiku_gazebo_pond_becter, guppyfry_early_orc_mine

Action                   || total
-------------------------++-------
Melee: Unarmed           ||    41
       Bite              ||     4
       Kick              ||     1
 Cast: Beastly Appendage ||     1
       Wereblood         ||     1
Armor: Robe              ||     7
Dodge: Dodged            ||    20
